 Dungeon Crawl Stone Soup version 0.30-a0-371-gad7725a93e (webtiles) character file.

Game seed: 1597180688883588911

68 mopl the Magician (level 4, -7/27 HPs)
             Began as an Octopode Hedge Wizard on Nov 21, 2022.
             Killed by nerve-wracking pain
             ... invoked by an orc priest
              (12 damage)
             ... on level 2 of the Dungeon.
             The game lasted 00:01:42 (1167 turns).

mopl the Magician (Octopode Hedge Wizard)           Turns: 1167, Time: 00:01:42

Health: -7/27      AC:  1    Str:  9    XL:     4   Next: 19%
Magic:  8/9        EV: 13    Int: 18    God:
Gold:   66         SH:  0    Dex: 11    Spells: 4/10 levels left

rFire   . . .      SeeInvis .    a - +0 dagger
rCold   . . .      Faith    .    (no shield)
rNeg    . . .      Spirit   .    b - +0 hat
rPois   .          Reflect  .    (no amulet)
rElec   .          Harm     .    i - ring of resist corrosion
rCorr   +          Rampage  .    (no ring)
Will    .....                    (no ring)
Stlth   +++.......               (no ring)
HPRegen 0.24/turn                (no ring)
MPRegen 0.11/turn                (no ring)
                                 (no ring)
                                 (no ring)

@: no status effects
A: almost no armour, amphibious, 8 rings, camouflage 1, gelatinous body 1,
(nimble swimmer 1), tentacles
a: no special abilities


You were on level 2 of the Dungeon.
You visited 1 branch of the dungeon, and saw 2 of its levels.

You collected 66 gold pieces.

Inventory:

Hand Weapons
 a - a +0 dagger (weapon)
Missiles
 f - 2 throwing nets
 h - 6 atropa-tipped darts
Armour
 b - a +0 hat (worn)
Jewellery
 i - a ring of resist corrosion (left tentacle)
Scrolls
 g - a scroll of amnesia {unknown}
 k - a scroll of enchant weapon {unknown}
Potions
 c - 3 potions of magic
 d - a potion of invisibility {unknown}
 e - a potion of attraction {unknown}
 j - a potion of flight {unknown}
 l - a potion of mutation {unknown}


   Skills:
 - Level 2.0 Dodging
 - Level 2.6 Stealth
 * Level 3.6 Spellcasting
 * Level 2.3 Conjurations
 - Level 1.0 Summonings
 + Level 1.7 Translocations
 + Level 0.5 Air Magic
 + Level 0.6 Poison Magic


You had 4 spell levels left.
You knew the following spells:

 Your Spells              Type           Power      Damage    Failure   Level
a - Magic Dart            Conj           44%        1d5       6%          1
c - Mephitic Cloud        Conj/Pois/Air  7%         N/A       28%         3
e - Blink                 Tloc           18%        N/A       11%         2

Your spell library contained the following spells:

 Spells                   Type           Power      Damage    Failure   Level
 Slow                     Hex            12%        N/A       16%         1
 Call Imp                 Summ           6%         N/A       16%         2
 Cigotuvi's Dreadful Rot  Necr/Pois/Air  8%         N/A       21%         2


Dungeon Overview and Level Annotations

Branches:
Dungeon (2/15)

Altars:


Innate Abilities, Weirdness & Mutations

You cannot wear most types of armour.
You are amphibious.
You can wear up to eight rings at the same time.
Your skin changes colour to match your surroundings (Stealth+).
Your rubbery body absorbs attacks. (AC +1, EV +1)
((You are camouflaged when in or above water. (Stealth+)))
You have tentacles for arms and can constrict up to eight enemies at once.


Message History

You have reached level 4!
You hit the hobgoblin. You grab the hobgoblin.
The hobgoblin is moderately wounded.
You constrict the hobgoblin, but do no damage.
The bat barely misses you. The hobgoblin hits you.
You hit the hobgoblin.
You kill the hobgoblin!
The bat barely misses you. The bat hits you. The bat closely misses you.
You hit the bat. You grab the bat.
The bat is severely wounded.
You constrict the bat.
You kill the bat!
No target in view!
No target in view!
You start resting.
HP restored.
Okay, then.
You now have 54 gold pieces (gained 18).
Found a stone staircase leading down.
You now have 66 gold pieces (gained 12).
A hobgoblin comes into view.
A hobgoblin is nearby! 2 orcs come into view.
An orc priest and an orc come into view.
The orc is wielding a +0 hand axe and carrying a wand of flame (14).
The hobgoblin shouts!
The orc shouts! x2; The orc priest shouts!
A ball python comes into view.
The orc hits you with a +0 mace!
Unknown command.
The orc attacks as you move away! The orc hits you with a +0 mace.
The orc attacks as you move away! The orc closely misses you.
The orc priest invokes the aid of Beogh against you.
Beogh smites you! The hobgoblin misses you. The hobgoblin hits you.
* * * LOW HITPOINT WARNING * * *
A hobgoblin comes into view.
The orc priest invokes the aid of Beogh against you.
Pain shoots through your body!
You die...

###..........##...... ..
#............#.......
... #..........#.......
..####........##.......
..............#.......
#............#.......
#............##......
#.##.....o......##......
#......@.g......#.......
#..##.#..oo....#........
.....................
###.....o.............
.g.......S..#...†....
###.#.......#######...
..........#.....#...
...........#.....##..
#.........


You could see an orc priest, 3 orcs, 2 hobgoblins and a ball python (wandering).

Vanquished Creatures
  4 adders (D:2)
  An endoplasm (D:1)
  4 giant cockroaches
  4 hobgoblins
  4 jackals (D:1)
  4 kobolds
  2 ball pythons
  3 bats
  A frilled lizard (D:1)
  A goblin (D:1)
  3 rats
31 creatures vanquished.

Notes
Turn   | Place    | Note
-------+----------+-------------------------------------------
     0 | D:1      | mopl the Octopode Hedge Wizard began the quest for the Orb.
     0 | D:1      | Reached XP level 1. HP: 11/11 MP: 4/4
   266 | D:1      | Reached XP level 2. HP: 9/17 MP: 6/6
   371 | D:1      | Learned a level 2 spell: Blink
   927 | D:2      | Reached skill level 2 in Conjurations
   927 | D:2      | Reached XP level 3. HP: 12/21 MP: 2/7
   976 | D:2      | Learned a level 3 spell: Mephitic Cloud
  1038 | D:2      | Found a faded altar of an unknown god.
  1117 | D:2      | Reached XP level 4. HP: 21/27 MP: 2/9
  1167 | D:2      | Killed from afar by an orc priest

Illustrated notes

Levels and vault maps discovered:
D:1:      dpeg_arrival_signposts, layout_loops_ring
D:2:      layout_rooms, hellmonk_ecumenical_altar_inner_sanctum,
          minmay_crystal_room, kennysheep_generic_room_15

Skill      XL: |  1  2 |
---------------+-------+-----
Conjurations   | 2 |  2.3
Dodging        | |  2.0
Stealth        | |  2.6
Spellcasting   | |  3.6
Summonings     | |  1.0
Translocations | |  1.7
Air Magic      | |  0.5
Poison Magic   | |  0.6

Action                   |  1- 3 |  4- 6 || total
-------------------------+-------+-------++-------
Melee: Dagger            |    55 |     3 ||    58
       Tentacles         |     9 |       ||     9
       Constrict         |    13 |     2 ||    15
       Punch             |     1 |       ||     1
 Cast: Magic Dart        |    17 |       ||    17
 Stab: Sleeping          |     6 |       ||     6
Armor: Skin              |     5 |       ||     5
Dodge: Dodged            |    41 |     5 ||    46

Table legend: (Time is in decaauts)
 A = Elapsed time spent in this place.
 B = Non-inter-level travel time spent in this place.
 C = Inter-level travel time spent in this place.
 D = Time resting spent in this place.
 E = Time spent auto-exploring this place.
 F = Levels seen in this place.
 G = Mean time per level.
                   A        B        C        D        E       F      G
               +--------+--------+--------+--------+--------+-----+--------+
         Total |   1167 |   1131 |     36 |    150 |    794 |   2 |  583.5 |
       Dungeon |   1167 |   1131 |     36 |    150 |    794 |   2 |  583.5 |
               +--------+--------+--------+--------+--------+-----+--------+

Top non-repeatable levels by time:
     D:1: 937 daAuts
     D:2: 230 daAuts
